 Dungeon Crawl Stone Soup version 0.29-a0-330-g52719c12eb (webtiles) character file.

Game seed: 17439467414711749622

14343 siradein the Fighter (level 11, -10/104 HPs)
             Began as a Minotaur Fighter on Apr 13, 2022.
             Was an Initiate of Gozag.
             Mangled by a sun demon (15 damage)
             ... in a volcano.
             The game lasted 00:58:17 (15612 turns).

siradein the Fighter (Minotaur Fighter)            Turns: 15612, Time: 00:58:18

Health: -10/104    AC: 31    Str: 25      XL:     11   Next: 87%
Magic:  10/10      EV:  8    Int:  5      God:    Gozag
Gold:   667        SH: 12    Dex: 15 (16) Spells: 10/10 levels left

rFire   . . .      SeeInvis +   F - +5 long sword
rCold   + + +      Faith    .   y - +0 kite shield
rNeg    . . .      Spirit   .   N - +9 plate armour of Lilywuva {Contam Drain rC+++ SInv}
rPois   .          Reflect  .   (helmet unavailable)
rElec   .          Harm     .   z - +0 cloak
rCorr   .          Rampage  .   O - +0 pair of gloves
Will    +....                   H - +2 pair of boots
Stlth   ..........              l - amulet of the acrobat
HPRegen 0.27/turn               m - +6 ring of dexterity
MPRegen 0.12/turn               A - ring of willpower

@: gold aura
A: horns 3, retaliatory headbutt, deterioration 1
a: Renounce Religion, Potion Petition, Call Merchant, Bribe Branch


You were in a volcano.
You worshipped Gozag.
Gozag was pleased with you.
You visited 3 branches of the dungeon, and saw 13 of its levels.
You also visited: Ossuary, Bailey and Volcano.

You collected 1998 gold pieces.
You spent 1231 gold pieces at shops.
You paid 100 gold pieces to Gozag.

Inventory:

Hand Weapons
 a - a +0 scimitar
 t - a +0 rapier of venom
 F - a +5 long sword (weapon)
Missiles
 B - 17 poisoned darts (quivered)
Armour
 y - a +0 kite shield (worn)
 z - a +0 cloak (worn)
 H - a +2 pair of boots (worn)
 N - the +9 plate armour of Lilywuva (worn) {Contam Drain rC+++ SInv}
   (You bought it in a shop on level 3 of the Dungeon)

   rC:        It renders you almost immune to cold.
   SInv:      It lets you see invisible.
   Contam:    It causes magical contamination when unequipped.
   Drain:     It drains your maximum health when unequipped.
 O - a +0 pair of gloves (worn)
Jewellery
 l - an amulet of the acrobat (around neck)
 m - a +6 ring of dexterity (left hand)
 r - a ring of positive energy
 A - a ring of willpower (right hand)
 D - a ring of ice
Wands
 e - a wand of paralysis (2)
 f - a wand of polymorph (9)
 q - a wand of digging (4)
 w - a wand of iceblast (8)
Scrolls
 h - 4 scrolls of teleportation
 n - 2 scrolls of brand weapon {unknown}
 o - 2 scrolls of holy word {unknown}
 p - a scroll of noise {unknown}
 s - 3 scrolls of magic mapping
 u - a scroll of fear {unknown}
 x - a scroll of immolation {unknown}
 E - 2 scrolls of fog {unknown}
 I - 2 scrolls of enchant weapon
 J - 2 scrolls of vulnerability {unknown}
 L - 5 scrolls of enchant armour {unknown}
 Q - a scroll of summoning {unknown}
Potions
 b - 3 potions of magic
 c - a potion of mutation
 d - a potion of invisibility {unknown}
 i - 4 potions of curing
 j - 5 potions of flight
 k - 2 potions of lignification
 v - 2 potions of brilliance {unknown}
 C - 2 potions of cancellation {unknown}
 G - 2 potions of haste {unknown}
 K - a potion of might
 M - 2 potions of degeneration {unknown}


   Skills:
 + Level 11.9 Fighting
 + Level 11.5 Long Blades
 + Level 11.9 Armour
 + Level 4.4 Dodging
 + Level 11.9 Shields


You had 10 spell levels left.
You didn't know any spells.
Your spell library contained the following spells:

 Spells                   Type           Power      Damage    Failure   Level
 Beastly Appendage        Tmut           0%         N/A       100%        1
 Sandblast                Erth           0%         2d4       100%        1
 Passwall                 Tmut/Erth      0%         N/A       100%        2
 Sublimation of Blood     Necr           0%         N/A       100%        2
 Wereblood                Tmut           0%         N/A       100%        2
 Spider Form              Tmut/Pois      0%         N/A       100%        3
 Stone Arrow              Conj/Erth      0%         3d7       100%        3
 Animate Armour           Summ/Erth      0%         N/A       100%        4
 Summon Hydra             Summ           0%         N/A       100%        7
 Lehudib's Crystal Spear  Conj/Erth      0%         10d2      100%        8


Dungeon Overview and Level Annotations

Branches:
Dungeon (11/15)            Temple (1/1) D:7            Lair (1/6) D:8
    Orc (0/2) D:10        Ossuary (visited)          Bailey (visited)
Volcano (1/1)

Altars:
Ashenzari
Cheibriados
Dithmenos
Elyvilon
Fedhas
Gozag
Hepliaklqana
Kikubaaqudgha
Makhleb
Nemelex Xobeh
Okawaru
Qazlal
Ru
Sif Muna
Trog
Uskayaw
Vehumet
Wu Jian
Xom
Yredelemnul
Zin
The Shining One

Shops:
D:3 [

Annotations:
D:7 3 runed translucent doors, jlumianski's ghost, novice DsFi
D:8 3 runed translucent doors


Innate Abilities, Weirdness & Mutations

You have a pair of large horns on your head.
You reflexively headbutt those who attack you in melee.
Your body sometimes deteriorates upon taking damage.


Message History

You block the steam dragon's attack. The steam dragon closely misses you.
You block the sun demon's attack.
Really quaff the potion of mutation?
You feel extremely strange.
You begin to regenerate regardless of the presence of monsters.
You feel clumsy.
You feel yourself wasting away. The horns on your head grow some more.
You block the steam dragon's attack.
The steam dragon claws you but does no damage.
The smoke demon gestures at you. Something smites you!
The sun demon hits you but does no damage.
You hit the sun demon.
The sun demon is lightly wounded.
The steam dragon is no longer distracted by gold.
The steam dragon bites you but does no damage.
The steam dragon claws you but does no damage.
You block the sun demon's attack.
You slash the sun demon! You headbutt the sun demon!
The sun demon is heavily wounded.
You block the sun demon's attack.
You barely miss the sun demon. Your headbutt misses the sun demon.
The sun demon is heavily wounded.
The sun demon hits you!
* * * LOW HITPOINT WARNING * * *
Your body deteriorates!
You feel clumsy.
You are engulfed in flames!
* * * LOW HITPOINT WARNING * * *
You block the steam dragon's attack. x2
The smoke demon gestures at you.
The ball of steam hits the sun demon.
The sun demon completely resists.
The ball of steam hits you.
* * * LOW HITPOINT WARNING * * *
The smoke demon is distracted by your dazzling golden aura.
The smoke demon roars!
Unknown command.
Okay, then.
The sun demon attacks as you move away! The sun demon hits you!
You die...
Your body crumbles into a pile of gold.

#∩.∩..# ##....## $
##.#..# #####..#
#......# ##..§##.#
#...§...#
###.3..D.#
#...§.#@§#
########.§..33..#
##.§#..#.....##..#
#..§........##..##
##§..3§.....## ..#
..§.§.§...### ..##
.....§...## ..
3..####$####...#
.. #..§.....#


You could see a sun demon, 2 smoke demons and a steam dragon.

Vanquished Creatures
  A two-headed ogre (D:11)
  Nergalle (Lair:1)
  A sun demon (Volcano)
  Pikel (D:5)
  A manticore (D:11)
  A gargoyle (Bailey)
  A cane toad (Lair:1)
  3 komodo dragons
  2 trolls
  Grinder (D:5)
  Prince Ribbit (D:5)
  3 wyverns
  A wraith (D:11)
  Eustachio (D:4)
  A basilisk (Lair:1)
  17 yaks
  A vampire (Bailey)
  3 fire bats (Lair:1)
  3 steam dragons
  2 acid dragons
  2 water moccasins (D:8)
  An ice beast (D:7)
  5 orc warriors
  2 sky beasts
  A black bear (D:5)
  4 ogres
  6 centaurs
  A lemure (D:5)
  A kobold brigand (D:9)
  A necrophage (D:4)
  Blork the orc (D:6)
  3 bullfrogs
  A gnoll sergeant (D:5)
  5 scorpions
  A water moccasin zombie (D:5)
  9 wights
  8 vampire bats (Bailey)
  7 wolf zombies (Bailey)
  3 howler monkeys
  2 jellies (D:5)
  4 hounds
  2 orc priests
  Terence (D:2)
  8 iguanas
  Natasha (thrice) (D:2)
  6 orc wizards
  2 hell rats (Lair:1)
  A hound zombie (D:5)
  14 mummies (Ossuary)
  7 gnolls
  8 adders
  2 river rats (Lair:1)
  2 white imps
  3 ufetubi
  A worm zombie (D:8)
  A dart slug (D:1)
  51 orcs
  5 endoplasms
  A giant cockroach (D:3)
  11 goblins
  5 hobgoblins
  2 jackals (D:3)
  2 quokkas
  3 ball pythons (D:2)
  4 bats
  5 frilled lizards
  3 gnoll skeletons (Ossuary)
  2 goblin skeletons (Ossuary)
  7 kobolds
  3 orc skeletons (Ossuary)
  20 orc zombies (Bailey)
  2 rats
  11 rat skeletons (Ossuary)
312 creatures vanquished.

Vanquished Creatures (others)
  An orc wizard (D:6)
  5 fungi
  5 plants
11 creatures vanquished.

Grand Total: 323 creatures vanquished

Notes
Turn   | Place    | Note
-------+----------+-------------------------------------------
     0 | D:1      | siradein the Minotaur Fighter began the quest for the Orb.
     0 | D:1      | Reached XP level 1. HP: 19/19 MP: 0/0
   147 | D:1      | Found a faded altar of an unknown god.
   320 | D:1      | Reached XP level 2. HP: 27/27 MP: 1/1
   764 | D:2      | Reached XP level 3. HP: 24/33 MP: 2/2
   879 | D:2      | Found a hide-covered altar of Uskayaw.
  1120 | D:2      | Noticed Natasha
  1141 | D:2      | Killed Natasha
  1290 | D:2      | Noticed Natasha
  1300 | D:2      | Killed Natasha
  1301 | D:2      | Reached XP level 4. HP: 23/41 MP: 3/3
  1442 | D:2      | Noticed Natasha
  1451 | D:2      | Killed Natasha
  1527 | D:2      | You fall into a shaft and drop 2 floors!
  1534 | D:4      | Reached XP level 5. HP: 47/47 MP: 4/4
  1674 | D:4      | Reached skill level 5 in Fighting
  1674 | D:4      | Reached skill level 5 in Armour
  1748 | D:3      | Reached skill level 5 in Shields
  1768 | D:3      | Reached XP level 6. HP: 40/56 MP: 5/5
  1920 | D:3      | Found Kudghes's Armour Shoppe.
  2007 | D:2      | Noticed Terence
  2016 | D:2      | Killed Terence
  3006 | D:3      | Found a glowing silver altar of Zin.
  3028 | D:3      | Found a blossoming altar of Fedhas.
  3293 | D:4      | Reached skill level 5 in Long Blades
  3293 | D:4      | Reached XP level 7. HP: 58/62 MP: 6/6
  3450 | D:4      | Found a shadowy altar of Dithmenos.
  3783 | D:5      | Entered Level 5 of the Dungeon
  3783 | D:5      | Noticed Grinder
  3789 | D:5      | Paralysed by Grinder for 4 turns
  3811 | D:5      | Paralysed by Grinder for 2 turns
  3819 | D:5      | Killed Grinder
  4163 | D:5      | Noticed Eustachio
  4207 | D:4      | Killed Eustachio
  4208 | D:4      | Reached XP level 8. HP: 51/71 MP: 7/7
  4851 | D:5      | Noticed Pikel
  5095 | D:5      | Killed Pikel
  5549 | D:5      | Reached XP level 9. HP: 73/81 MP: 8/8
  5916 | D:5      | Noticed Prince Ribbit
  5919 | D:5      | Found a basalt altar of Yredelemnul.
  5930 | D:5      | Killed Prince Ribbit
  6477 | D:6      | Noticed Blork the orc
  6482 | D:6      | Killed Blork the orc
  6861 | D:7      | Found a staircase to the Ecumenical Temple.
  6895 | Temple   | Entered the Ecumenical Temple
  7108 | Temple   | Became a worshipper of Gozag Ym Sagoz the Greedy
  7167 | D:7      | Found a flagged portal.
  7556 | Bailey   | Entered a bailey
  7970 | Bailey   | Reached XP level 10. HP: 89/91 MP: 9/9
  8158 | Bailey   | Identified the +11 hunting sling "Starlight" {freeze, rCorr
                  | Str+2}
  8235 | Bailey   | Noticed a gargoyle
  8257 | Bailey   | Killed a gargoyle
  9325 | D:7      | Found a runed translucent gate.
  9325 | D:7      | Noticed jlumianski's ghost (novice DsFi)
  9326 | D:7      | Found a runed translucent gate.
  9327 | D:7      | Found a runed translucent gate.
  9531 | D:8      | Found a snail-covered altar of Cheibriados.
  9833 | D:8      | Found a sand-covered staircase.
  9846 | Ossuary  | Entered an ossuary
  9994 | Ossuary  | Reached skill level 10 in Armour
 10002 | Ossuary  | Reached skill level 10 in Fighting
 10100 | Ossuary  | Reached skill level 10 in Shields
 10763 | D:8      | Found a staircase to the Lair.
 10831 | D:8      | Found a runed translucent gate.
 10831 | D:8      | Found a runed translucent gate.
 10831 | D:8      | Found a runed translucent gate.
 10831 | D:8      | Noticed a glowing orange brain
 10842 | D:8      | Noticed a +0 dagger
 10842 | D:8      | Noticed a +0 dagger
 10845 | D:8      | Found a hide-covered altar of Uskayaw.
 10955 | D:8      | Noticed a green ugly thing
 11123 | D:8      | Noticed a purple ugly thing
 11464 | D:9      | Reached skill level 10 in Long Blades
 11570 | D:9      | Found an ancient bone altar of Kikubaaqudgha.
 11691 | D:3      | Bought the +9 plate armour of Lilywuva {Contam Drain rC+++
                  | SInv} for 1021 gold pieces
 12245 | D:9      | Found a glowing golden altar of the Shining One.
 12555 | D:10     | Entered Level 10 of the Dungeon
 12642 | D:10     | Found a staircase to the Orcish Mines.
 12727 | D:10     | Identified the +6 chain mail of Privacy {Str+6 Int-2}
 13229 | D:3      | Bought a +2 pair of boots for 165 gold pieces
 13236 | D:3      | Bought a +0 pair of gloves for 45 gold pieces
 13662 | D:10     | Reached XP level 11. HP: 84/101 MP: 10/10
 13882 | D:11     | Reached skill level 1 in Dodging
 14434 | D:11     | Noticed a two-headed ogre
 14441 | D:11     | Killed a two-headed ogre
 14636 | D:11     | Found a burning altar of Makhleb.
 14636 | D:11     | Noticed a balrug
 14967 | Lair:1   | Entered Level 1 of the Lair of Beasts
 15162 | Lair:1   | Noticed Nergalle
 15394 | Lair:1   | Killed Nergalle
 15484 | Lair:1   | Found a dark tunnel.
 15493 | Volcano  | Entered a volcano
 15568 | Volcano  | Noticed a sun demon
 15587 | Volcano  | Killed a sun demon
 15590 | Volcano  | Noticed a sun demon
 15607 | Volcano  | Gained mutation: You are agile. (Dex +2) [potion of
                  | mutation]
 15607 | Volcano  | Gained mutation: You do not regenerate when monsters are
                  | visible. [potion of mutation]
 15608 | Volcano  | Lost mutation: You do not regenerate when monsters are
                  | visible. [potion of mutation]
 15608 | Volcano  | Lost mutation: You are agile. (Dex +2) [potion of mutation]
 15608 | Volcano  | Gained mutation: Your body sometimes deteriorates upon
                  | taking damage. [potion of mutation]
 15608 | Volcano  | Gained mutation: You have a pair of large horns on your
                  | head. [potion of mutation]
 15611 | Volcano  | HP: 5/104 [smoke demon/ball of steam (5)]
 15612 | Volcano  | Mangled by a sun demon

Illustrated notes

Levels and vault maps discovered:
D:1:      denvon_arrival_planthouse, layout_loops_ring,
          chequers_ecumenical_altar_simple
D:2:      layout_loops_ring, basic_altar, uniq_natasha, uniq_terence
D:3:      layout_loops_ring, mainiacjoe_overflow_catwalk_spiral, serial_shops,
          nicolae_shop_trees
D:4:      layout_basic, overflow_temple_1_default, gammafunk_ghost_necromancy,
          minmay_crossroads, uniq_robin
D:5:      layout_loops_ring, lemuel_zombie_altar_yredelemnul, uniq_grinder,
          uniq_pikel, uniq_eustachio, uniq_prince_ribbit1
D:6:      layout_loops_ring, chequers_serial_rivers_micro_c, uniq_blork_the_orc
D:7:      layout_rooms, temple_doors_e, gammafunk_ghost_nasty_kobolds,
          enter_bailey_5, eino_tiny_chamber
D:8:      layout_loops_ring, mainiacjoe_overflow_tiny_flanked,
          dancing_weapons_uskayaw, enter_ossuary_3,
          ploomutoo_gammafunk_ghost_potion_laboratory, st_stairs_13
D:9:      layout_basic, nicolae_overflow_crystal_walls,
          mainiacjoe_overflow_surrounded_room
D:10:     layout_cave_pools, david_orc_2, special_room [special_room_orc]
D:11:     layout_long_grid, makhleb_altar_promises_db
Temple:   eino_temple_water
Lair:1:   layout_chaotic_city, nicolae_volcano_entry_batcave,
          kennysheep_abandoned_house, uniq_nergalle
Volcano:  hellmonk_smoking_crater

Skill      XL: |  1  2  3  4  5  6  7  8  9 10 11 |
---------------+----------------------------------+-----
Fighting       | 4 5 6 8 9 10 11 | 11.9
Armour         | 4 5 6 8 9 10 11 | 11.9
Shields        | 4 5 6 7 9 10 11 | 11.9
Long Blades    | 3 4 5 6 7 8 10 11 | 11.5
Dodging        | 4 |  4.4

Action                   |  1- 3 |  4- 6 |  7- 9 | 10-12 || total
-------------------------+-------+-------+-------+-------++-------
Melee: Long sword        |    83 |   133 |    59 |   556 ||   831
       Headbutt          |    12 |    25 |    88 |   129 ||   254
       Rapier            |       |       |   269 |    37 ||   306
  Use: Potion            |       |     1 |       |     8 ||     9
       Scroll            |       |       |       |     9 ||     9
 Stab: Distracted        |       |       |     1 |     4 ||     5
Armor: Plate armour      |    63 |    72 |   182 |   292 ||   609
Dodge: Dodged            |    18 |    30 |   121 |   166 ||   335
Block: Buckler           |    20 |    35 |    29 |       ||    84
       Kite shield       |       |       |   167 |   393 ||   560

Table legend: (Time is in decaauts)
 A = Elapsed time spent in this place.
 B = Non-inter-level travel time spent in this place.
 C = Inter-level travel time spent in this place.
 D = Time resting spent in this place.
 E = Time spent auto-exploring this place.
 F = Levels seen in this place.
 G = Mean time per level.
                   A        B        C        D        E       F      G
               +--------+--------+--------+--------+--------+-----+--------+
         Total |  15741 |  14820 |    921 |   2785 |   8753 |  16 |  983.8 |
       Dungeon |  13201 |  12280 |    921 |   2107 |   7870 |  11 | 1200.1 |
        Temple |    229 |    229 |      0 |      0 |    193 |   1 |  229.0 |
          Lair |    171 |    171 |      0 |      0 |      0 |   1 |  171.0 |
       Ossuary |    480 |    480 |      0 |      0 |    320 |   1 |  480.0 |
        Bailey |   1542 |   1542 |      0 |    669 |    327 |   1 | 1542.0 |
       Volcano |    116 |    116 |      0 |      9 |     43 |   1 |  116.0 |
               +--------+--------+--------+--------+--------+-----+--------+

Top non-repeatable levels by time:
     D:5: 1978 daAuts
     D:8: 1634 daAuts
  Bailey: 1542 daAuts
     D:9: 1411 daAuts
     D:2: 1252 daAuts
    D:10: 1200 daAuts
     D:4: 1182 daAuts
     D:3: 1165 daAuts
     D:6: 1154 daAuts
     D:1: 780 daAuts
    D:11: 767 daAuts
     D:7: 672 daAuts
 Ossuary: 480 daAuts
  Temple: 229 daAuts
  Lair:1: 171 daAuts
